AoeStats
← Capitão Caverna

Arabia

506718728Analyzed
2v2 RM · 17d ago on Sep 14, 2026· 59m 39s· 4 players
Game mode
Random Map
Map size
Medium (4 player)
Population
200
Speed
Normal
Resources
Standard
Victory
Conquest
Starting age
Dark Age
Ending age
Imperial Age
RankedLock teamsTeams togetherTeam positionsShared explorationLock speedFull tech treeHidden civsTurbo modeCheats
Victory
Defeat
🇩🇪 Byzantines · Germany
1183
+14
🇬🇧 Celts · United Kingdom
1183
+14
🇧🇷 Ethiopians · Brazil
1242
-18
🇧🇷 Teutons · Brazil
1047
-10
Pikachu Pay
6:46 Loom
9:26 Feudal Age
10:35 Double-Bit Axe
16:25 Horse Collar
18:12 Wheelbarrow
17:43 Fletching
22:39 Castle Age
21:17 Scale Barding Armor
21:08 Gold Mining
21:36 Scale Barding Armor
22:38 Forging
23:05 Bloodlines
24:06 Chain Barding Armor
24:14 Elite Skirmisher
25:07 Bodkin Arrow
29:13 Padded Archer Armor
34:12 Stone Mining
35:37 Stone Shaft Mining
35:34 Town Watch
37:10 Bow Saw
37:46 Leather Archer Armor
43:12 Imperial Age
41:37 Iron Casting
42:04 Heavy Plow
43:15 Cavalier
45:01 Chemistry
44:22 Ballistics
51:06 Blast Furnace
50:42 Plate Barding Armor
50:38 Ring Archer Armor
51:10 Two-Man Saw
53:08 Paladin
58:06 Crop Rotation
Capitão Caverna
7:15 Loom
10:00 Feudal Age
11:06 Double-Bit Axe
11:04 Horse Collar
17:56 Fletching
18:07 Padded Archer Armor
23:46 Castle Age
22:08 Gold Mining
24:09 Crossbowman
24:56 Thumb Ring
25:20 Bow Saw
25:36 Bodkin Arrow
25:56 Leather Archer Armor
26:07 Elite Skirmisher
27:38 Masonry
28:04 Husbandry
37:39 Imperial Age
36:39 Wheelbarrow
35:58 Stone Mining
37:45 Arbalester
38:30 Bracer
39:01 Ring Archer Armor
38:56 Ballistics
41:18 Chemistry
46:46 Scale Mail Armor
51:01 Two-Man Saw
52:59 Forging
54:40 Gold Shaft Mining
54:48 Cavalier
55:44 Scale Barding Armor
ponken
7:13 Loom
9:48 Feudal Age
11:01 Double-Bit Axe
18:39 Castle Age
17:04 Fletching
20:53 Crossbowman
21:52 Bow Saw
24:04 Bodkin Arrow
25:15 Padded Archer Armor
26:23 Elite Skirmisher
27:42 Wheelbarrow
29:35 Leather Archer Armor
30:11 Pikeman
33:32 Squires
35:56 Hand Cart
40:06 Imperial Age
38:20 Husbandry
39:25 Thumb Ring
40:19 Arson
40:36 Scale Mail Armor
40:46 Forging
40:47 Stone Mining
40:47 Gold Mining
42:00 Two-Man Saw
40:23 Halberdier
42:26 Bracer
43:54 Ring Archer Armor
44:08 Ballistics
45:25 Light Cavalry
48:03 Hussar
48:49 Scale Barding Armor
49:20 Iron Casting
49:21 Onager
57:55 Chemistry
57:48 Chain Barding Armor
KRG_Redfish
7:19 Loom
9:30 Feudal Age
10:19 Double-Bit Axe
18:46 Fletching
19:46 Horse Collar
23:09 Castle Age
21:20 Gold Mining
21:51 Padded Archer Armor
22:31 Stone Mining
23:10 Crossbowman
23:47 Bodkin Arrow
24:35 Bow Saw
25:35 Wheelbarrow
26:46 Leather Archer Armor
26:21 Pikeman
29:35 Hand Cart
36:22 Imperial Age
34:20 Scale Mail Armor
34:30 Forging
35:24 Stronghold
35:54 Town Watch
36:43 Forging
36:48 Chain Mail Armor
38:10 Iron Casting
38:25 Gold Shaft Mining
38:25 Stone Shaft Mining
38:19 Halberdier
40:00 Heavy Scorpion
41:33 Conscription
44:26 Plate Mail Armor
44:56 Blast Furnace
45:04 Blast Furnace
48:32 Furor Celtica
48:08 Elite Woad Raider
54:31 Capped Ram
56:39 Siege Ram
Connection lost

Rejoining the realm…

Still unreachable

The connection could not be restored.

Session expired

The server has moved on; the page needs a fresh start.